 Dungeon Crawl Stone Soup version 0.25-a0-2-g6559c6c (webtiles) character file.

Game seed: 17058322220933670987, levelgen mode: deterministic

3 2tousent the Scratcher (level 1, 0/9 HPs)
             Began as a Felid Wanderer on Oct 13, 2019.
             Killed from afar by a dart slug (4 damage)
             ... with a slug dart
             ... on level 1 of the Dungeon.
             The game lasted 00:00:38 (59 turns).

2tousent the Scratcher (Felid Wanderer)               Turns: 59, Time: 00:00:39

Health: 0/9        AC:  1    Str:  9    XL:     1   Next: 41%
Magic:  3/3        EV: 15    Int: 13    God:
Gold:   0          SH:  0    Dex: 14    Spells: 0/0 levels left
                                        Lives:  0   Deaths: 0

rFire    . . .     SeeInvis +     - Unarmed
rCold    . . .     Gourm    .   (shield unavailable)
rNeg     . . .     Faith    .   (armour unavailable)
rPois    .         Spirit   .   (helmet unavailable)
rElec    .         Reflect  .   (cloak unavailable)
rCorr    .         Harm     .   (gloves unavailable)
MR       .....                  (boots unavailable)
Stlth    ++........             (no amulet)
HPRegen  0.03/turn              (no ring)
MPRegen  0.08/turn              (no ring)

@: quick
A: very small, no armour, no weapons or thrown items, stealth, claws 1, fangs 3,
see invisible, carnivore, speed 1, shaggy fur 1, slow metabolism 1, sharp paws
a: no special abilities


You were on level 1 of the Dungeon.
You were not hungry.

You visited 1 branch of the dungeon, and saw 1 of its levels.

Inventory:

Jewellery
 g - an uncursed ring of resist corrosion {unknown}
Wands
 d - a wand of random effects (15)
Scrolls
 a - a scroll of fear
 c - a scroll of teleportation
Potions
 b - a potion of haste
 e - a potion of curing {unknown}
Comestibles
 f - 2 rations


   Skills:
 - Level 2.0 Fighting
 + Level 0.6 Stealth
 * Level 6.1 Unarmed Combat
 - Level 2.1 Evocations


You couldn't memorise any spells.
You didn't know any spells.
Your spell library was empty.

Dungeon Overview and Level Annotations

Branches:
Dungeon (1/15)

Altars:


Innate Abilities, Weirdness & Mutations

You cannot wear armour.
You are incapable of wielding weapons or throwing items.
Your paws allow you to move quietly. (Stealth)
You have sharp claws.
You have razor-sharp teeth.
You have supernaturally acute eyesight. (SInv)
You are carnivorous and can eat meat at any time.
You cover ground quickly.
You are covered in fur. (AC +1)
You have a slow metabolism.
Your sharp claws are effective at attacking unaware monsters.


Message History

Eating a chunk of flesh.
You eat the chunk of flesh.
This raw flesh tastes great.
f - 2 rations (gained 1) Key pressed, stopping explore.
g - a wooden ring A dart slug comes into view.
A goblin and a dart slug come into view.
The goblin shouts!
You miss the goblin. The goblin barely misses you.
You completely miss the goblin. You bite the goblin.
The goblin is severely wounded.
The goblin hits you with a +0 dagger.
Ouch! That really hurt!
You claw the goblin!
You kill the goblin!
The dart slug launches a dart at you. The slug dart misses you.
The dart slug launches a dart at you. The slug dart hits you.
You die...

w..###.........###...#
.....................#
.........###.........#
........# ##........#
........# #........#
.....w..## ##........#
.........###.........#
.....................#
........@............#
.#####....###..........
#)##.....>.#.##### #.
#######.#... #. .# ..
## ##


You could see a dart slug.

Vanquished Creatures
  A bat (D:1)
  A goblin (D:1)
  A frilled lizard (D:1)
3 creatures vanquished.

Notes
Turn   | Place    | Note
-------+----------+-------------------------------------------
     0 | D:1      | 2tousent the Felid Wanderer began the quest for the Orb.
     0 | D:1      | 2tousent set off with the following items: a scroll of
                  | fear, a potion of haste, a scroll of teleportation, a wand
                  | of random effects (15), a ration
     0 | D:1      | Reached XP level 1. HP: 9/9 MP: 3/3
    59 | D:1      | Killed from afar by a dart slug

Levels and vault maps discovered:
D:1:      minmay_arrival_four_circles, layout_basic, hex_intersection

Action                   || total
-------------------------++-------
Melee: Unarmed           ||     9
       Bite              ||     1
  Eat: Chunk             ||     1
Armor: Skin              ||     2
Dodge: Dodged            ||     8

Table legend:
 A = Non-vault XP
 B = Vault XP
 C = Vault XP percentage of total XP
 D = Non-vault monster count
 E = Vault monster count
 F = Vault count percentage of total count
                 A         B        C        D         E       F
            +---------+---------+-------+---------+---------+-------
      Total |       5 |       0 |   0.0 |       3 |       0 |   0.0
            +---------+---------+-------+---------+---------+-------
        D:1 |       5 |       0 |   0.0 |       3 |       0 |   0.0
            +---------+---------+-------+---------+---------+-------
